 Dungeon Crawl Stone Soup version 0.21-a0-630-g344d351 (webtiles) character file.

2318 tidbits the Insei (level 9, -15/68 HPs)
             Began as a Gnoll Transmuter on Dec 25, 2017.
             Was a Follower of Cheibriados.
             Demolished by a two-headed ogre
             ... wielding a +0 giant club
              (18 damage)
             ... on level 9 of the Dungeon.
             The game lasted 00:27:45 (2734 turns).

tidbits the Insei (Gnoll Transmuter)                Turns: 2734, Time: 00:27:46

Health: -15/68     AC:  6    Str: 15    XL:     9   Next: 41%
Magic:  15/18      EV: 15    Int: 23    God:    Cheibriados [*.....]
Gold:   45         SH:  0    Dex: 18    Spells: 12/21 levels left

rFire    + . .     SeeInvis .   a - +6 short sword "Ufofaawn" {venom, rPois rC+ MR+}
rCold    + . .     Gourm    +   (no shield)
rNeg     . . .     Faith    .   B - +2 robe {rF+}
rPois    +         Spirit   .   E - +0 helmet
rElec    .         Reflect  .   (no cloak)
rCorr    .         Harm     .   (no gloves)
MR       +....                  F - +0 pair of boots
Stlth    +++.......             I - amulet of the gourmand
HPRegen  0.21/turn              p - ring of stealth
MPRegen  0.16/turn              (no ring)

@: heavily drained, very slow
A: distributed training, fangs 1, strong nose
a: Bend Time, Renounce Religion


You were on level 9 of the Dungeon.
You worshipped Cheibriados.
Cheibriados was aware of your devotion.
You were not hungry.

You visited 2 branches of the dungeon, and saw 10 of its levels.

You collected 245 gold pieces.
You spent 200 gold pieces at shops.

Inventory:

Hand Weapons
 a - the +6 short sword "Ufofaawn" (weapon) {venom, rPois rC+ MR+}
   (You found it on level 6 of the Dungeon)

   It poisons the flesh of those it strikes.
   It protects you from cold.
   It protects you from poison.
   It affects your resistance to hostile enchantments.
 f - a +0 whip
 j - a +0 dagger
 t - a +0 long sword
 v - a cursed +0 hunting sling
 w - a +0 blowgun
 x - a +2 whip of pain
   (You took it off a kobold on level 3 of the Dungeon)
 A - a cursed -1 scythe
 G - a +1 morningstar
 Q - a +3 quarterstaff of draining
   (You took it off Joseph on level 7 of the Dungeon)
Missiles
 g - 87 stones
 k - 4 javelins of returning (quivered)
 y - 36 poisoned needles
 J - 153 arrows
 R - 19 sling bullets
Armour
 B - a +2 robe of fire resistance (worn)
   (You took it off Sigmund on level 3 of the Dungeon)
 C - a cursed +0 leather armour
 E - a +0 helmet (worn)
 F - a +0 pair of boots (worn)
 S - a +1 ring mail of cold resistance
   (You took it off Joseph on level 7 of the Dungeon)
Jewellery
 p - a ring of stealth (left hand)
   (You found it on level 1 of the Dungeon)
 I - an amulet of the gourmand (around neck)
   (You found it on level 6 of the Dungeon)
Wands
 i - a wand of iceblast (6)
 l - a wand of polymorph (10)
 K - a wand of flame (13)
 L - a wand of disintegration (12)
Scrolls
 h - 2 scrolls of immolation {unknown}
 q - 4 scrolls of enchant armour {unknown}
 r - 3 scrolls of remove curse
 u - 3 scrolls of magic mapping {unknown}
 z - 2 scrolls of fear
 D - a scroll of random uselessness {unknown}
 N - 2 scrolls of enchant weapon {unknown}
 T - a scroll of amnesia {unknown}
 U - a scroll of noise {unknown}
Potions
 b - a potion of degeneration {unknown}
 e - 4 potions of curing
 m - 2 potions of berserk rage {unknown}
 n - 2 potions of resistance {unknown}
 o - a potion of brilliance {unknown}
 s - 3 potions of haste
 H - a potion of lignification {unknown}
 M - a potion of might
 O - a potion of flight {unknown}
Books
 c - a book of Changes

   Spells                             Type                      Level
   a - Beastly Appendage              Transmutation                1
   b - Sticks to Snakes               Transmutation                2
   c - Spider Form                    Transmutation/Poison         3
   d - Ice Form                       Ice/Transmutation            4
   e - Blade Hands                    Transmutation                5
 P - a book of Flames
   (You found it on level 7 of the Dungeon)

   Spells                             Type                      Level
   a - Flame Tongue                   Conjuration/Fire             1
   b - Throw Flame                    Conjuration/Fire             2
   c - Conjure Flame                  Conjuration/Fire             3
   d - Inner Flame                    Hexes/Fire                   3
   e - Sticky Flame                   Conjuration/Fire             4
   f - Fireball                       Conjuration/Fire             5
Comestibles
 d - 8 rations


   Skills:
 + Level 5.0(3.7) Fighting
 + Level 4.1(2.9) Short Blades
 + Level 4.1(2.9) Long Blades
 + Level 4.1(2.9) Axes
 + Level 4.1(2.9) Maces & Flails
 + Level 4.1(2.9) Polearms
 + Level 4.1(2.9) Staves
 + Level 4.1(2.9) Slings
 + Level 4.1(2.9) Bows
 + Level 4.1(2.9) Crossbows
 + Level 4.1(2.9) Throwing
 + Level 4.1(2.9) Armour
 + Level 6.2(4.9) Dodging
 + Level 4.1(2.9) Stealth
 + Level 4.1(2.9) Shields
 + Level 7.8(6.4) Unarmed Combat
 + Level 6.6(5.2) Spellcasting
 + Level 3.4(2.2) Conjurations
 + Level 3.4(2.2) Hexes
 + Level 3.4(2.2) Charms
 + Level 3.4(2.2) Summonings
 + Level 3.4(2.2) Necromancy
 + Level 3.4(2.2) Translocations
 + Level 5.2(3.9) Transmutations
 + Level 3.4(2.2) Fire Magic
 + Level 3.4(2.2) Ice Magic
 + Level 3.4(2.2) Air Magic
 + Level 3.4(2.2) Earth Magic
 + Level 3.4(2.2) Poison Magic
 + Level 4.5(3.3) Invocations
 + Level 4.1(2.9) Evocations


You had 12 spell levels left.
You knew the following spells:

 Your Spells              Type           Power        Failure   Level  Hunger
c - Conjure Flame         Conj/Fire      ###.....     11%         3    ##.....
e - Beastly Appendage     Tmut           ###...       1%          1    None
k - Sticks to Snakes      Tmut           ###.....     2%          2    None
p - Spider Form           Tmut/Pois      ###.......   8%          3    ##.....


Dungeon Overview and Level Annotations

Branches:
Dungeon (9/15)             Temple (1/1) D:5
   Lair: D:8-11         Orc: D:9-12

Altars:
Ashenzari
Cheibriados
Elyvilon
Gozag
Hepliaklqana
Kikubaaqudgha
Makhleb
Nemelex Xobeh
Okawaru
Ru
Sif Muna
Trog
Uskayaw
Vehumet
Wu Jian
Xom
Yredelemnul
The Shining One

Shops:
D:8 (*


Innate Abilities, Weirdness & Mutations

Your experience applies equally to all skills.
You have very sharp teeth.
Your uncanny sense of smell can sniff out nearby items.


Message History

There is a stone staircase leading down here.
You climb downwards.
There is a stone staircase leading up here.
You see here a scroll labeled LIG OKOMEMIDUJONN.
U - a scroll labeled LIG OKOMEMIDUJONN 2 orcs and an orc wizard come into view.
The orc shouts!
Found a ration.
A two-headed ogre comes into view. It is wielding two giant clubs.
Casting: Sticks to Snakes
Confirm with . or Enter, or press ? or * to list all spells.
You create a snake!
You now have 154 arrows.
The orc hits you but does no damage.
The orc hits your ball python but does no damage.
Casting: Sticks to Snakes
Confirm with . or Enter, or press ? or * to list all spells.
You turn into a venomous arachnid creature.
The +6 short sword "Ufofaawn" {venom, rPois rC+ MR+} melds into your body.
Your +0 helmet melds into your body.
Your +0 pair of boots melds into your body.
Your +2 robe of fire resistance melds into your body.
The +6 short sword "Ufofaawn" {venom, rPois rC+ MR+} stops dripping with poison.
You feel less resistant to fire. The orc misses you.
The orc barely misses your ball python.
Your ball python closely misses the orc. x2
You hit the orc.
The orc is poisoned.
The orc is severely wounded.
You kill the orc!
Cheibriados thoroughly appreciates the change of pace.
Cheibriados raises the support of your attributes as your movement slows.
Your base Fighting skill increases to level 5!
You swap places.
Things that are here:
a hand axe; a leather armour
Casting: Spider Form
Confirm with . or Enter, or press ? or * to list all spells.
You create a snake!
You now have 153 arrows.
You hit the two-headed ogre.
The two-headed ogre is poisoned.
The two-headed ogre is lightly wounded.
The two-headed ogre closely misses you.
The two-headed ogre completely misses you.
Your ball python completely misses the two-headed ogre.
You bite the two-headed ogre!
The two-headed ogre looks as sick as possible!
The two-headed ogre is lightly wounded.
The two-headed ogre closely misses you.
The two-headed ogre completely misses you.
You hit the two-headed ogre.
The two-headed ogre looks as sick as possible!
The two-headed ogre is moderately wounded.
Your ball python bites the two-headed ogre.
Your ball python closely misses the two-headed ogre.
You hit the two-headed ogre.
The two-headed ogre looks as sick as possible!
The two-headed ogre is moderately wounded.
The two-headed ogre closely misses you.
The two-headed ogre completely misses you.
Your ball python completely misses the two-headed ogre.
Your ball python bites the two-headed ogre but does no damage.
You hit the two-headed ogre.
The two-headed ogre is moderately wounded.
Your ball python bites the two-headed ogre but does no damage. x2
The two-headed ogre completely misses you.
The two-headed ogre misses you.
You hit the two-headed ogre.
The two-headed ogre is heavily wounded.
Your ball python bites the two-headed ogre but does no damage. x2
Your ball python bites the two-headed ogre.
Your ball python bites the two-headed ogre but does no damage.
The two-headed ogre closely misses you. x2
Your ball python bites the two-headed ogre.
Your ball python bites the two-headed ogre but does no damage. x2
Your ball python bites the two-headed ogre.
The two-headed ogre hits your ball python with a giant club!!
Your ball python dies!
The two-headed ogre shouts in stereo!
Your ball python barely misses the two-headed ogre.
Your ball python bites the two-headed ogre but does no damage.
You barely miss the two-headed ogre.
The two-headed ogre is severely wounded.
Your transformation is almost over.
The two-headed ogre hits you with a giant club!
* * * LOW HITPOINT WARNING * * *
The two-headed ogre barely misses you.
Your ball python bites the two-headed ogre.
Your ball python closely misses the two-headed ogre.
Your ball python barely misses the two-headed ogre.
The two-headed ogre hits you with a giant club!!
* * * LOW HITPOINT WARNING * * *
The two-headed ogre barely misses you.
Your ball python bites the two-headed ogre but does no damage.
Your transformation has ended.
The +6 short sword "Ufofaawn" {venom, rPois rC+ MR+} unmelds from your body.
Your +0 helmet unmelds from your body.
Your +0 pair of boots unmelds from your body.
Your +2 robe of fire resistance unmelds from your body.
The +6 short sword "Ufofaawn" {venom, rPois rC+ MR+} begins to drip with poison!
You feel resistant to fire.
The two-headed ogre hits you with a giant club!!
You die...

∆ #.....# #.....# #.....#
#.....#
#############.....#
..................######
...
..................<....#
##..
....................<..#
....
......).......SO@......#
....
....########...........#
....
.......................#
....
.......................#
#.
...o..............#.....
#.
..................#......
#.
.O..#......########.......
#. ....#...... .... #.
....#...... #.


You could see a two-headed ogre and a friendly ball python.

Vanquished Creatures
  Sigmund (D:3)
  Menkaure (D:5)
  2 sky beasts
  2 ice beasts
  A phantom (D:7)
  3 ogres
  2 centaurs
  A big kobold (D:7)
  4 bullfrogs
  4 wights (D:7)
  A jelly (D:8)
  2 hounds (D:7)
  An orc priest (D:3)
  3 worker ants
  A hound zombie (D:7)
  8 adders
  2 shadow imps
  2 oozes
  A worm (D:3)
  2 dart slugs
  A leopard gecko (D:1)
  7 orcs
  3 giant cockroaches
  5 goblins
  3 hobgoblins
  7 jackals
  2 quokkas
  8 bats
  4 frilled lizards
  A jackal skeleton (D:4)
  11 kobolds
  A leopard gecko skeleton (D:6)
  6 rats
103 creatures vanquished.

Vanquished Creatures (collateral kills)
  Joseph (D:7)
  An ogre (D:7)
  A wight (D:7)
  An adder (D:6)
  A jackal (D:7)
  A giant cockroach zombie (D:5)
6 creatures vanquished.

Vanquished Creatures (others)
  A plant (D:7)
1 creature vanquished.

Grand Total: 110 creatures vanquished

Notes
Turn   | Place    | Note
-------+----------+-------------------------------------------
     0 | D:1      | tidbits the Gnoll Transmuter began the quest for the Orb.
     0 | D:1      | Reached XP level 1. HP: 17/17 MP: 6/6
    57 | D:1      | Reached XP level 2. HP: 18/23 MP: 5/7
   174 | D:2      | Learned a level 2 spell: Sticks to Snakes
   317 | D:1      | Reached XP level 3. HP: 26/28 MP: 7/9
   322 | D:1      | Learned a level 3 spell: Spider Form
   390 | D:2      | Reached skill level 5 in Spellcasting
   534 | D:3      | Found a sparkling altar of Nemelex Xobeh.
   550 | D:5      | Entered Level 5 of the Dungeon
   551 | D:5      | Noticed Menkaure
   584 | D:4      | Reached skill level 1 in Invocations
   597 | D:4      | Reached skill level 1 in Short Blades
   597 | D:4      | Reached skill level 1 in Long Blades
   597 | D:4      | Reached skill level 1 in Axes
   597 | D:4      | Reached skill level 1 in Maces & Flails
   597 | D:4      | Reached skill level 1 in Polearms
   597 | D:4      | Reached skill level 1 in Staves
   597 | D:4      | Reached skill level 1 in Slings
   597 | D:4      | Reached skill level 1 in Bows
   597 | D:4      | Reached skill level 1 in Crossbows
   597 | D:4      | Reached skill level 1 in Throwing
   597 | D:4      | Reached skill level 1 in Armour
   597 | D:4      | Reached skill level 1 in Stealth
   597 | D:4      | Reached skill level 1 in Shields
   597 | D:4      | Reached skill level 1 in Evocations
   637 | D:4      | Reached XP level 4. HP: 8/34 MP: 4/11
   847 | D:2      | Found a deep blue altar of Sif Muna.
   874 | D:3      | Noticed Sigmund
   893 | D:3      | Killed Sigmund
   893 | D:3      | Reached skill level 3 in Fighting
   893 | D:3      | Reached skill level 1 in Conjurations
   893 | D:3      | Reached skill level 1 in Hexes
   893 | D:3      | Reached skill level 1 in Charms
   893 | D:3      | Reached skill level 1 in Summonings
   893 | D:3      | Reached skill level 1 in Necromancy
   893 | D:3      | Reached skill level 1 in Translocations
   893 | D:3      | Reached skill level 4 in Transmutations
   893 | D:3      | Reached skill level 1 in Fire Magic
   893 | D:3      | Reached skill level 1 in Ice Magic
   893 | D:3      | Reached skill level 1 in Air Magic
   893 | D:3      | Reached skill level 1 in Earth Magic
   893 | D:3      | Reached skill level 1 in Poison Magic
   893 | D:3      | Reached skill level 2 in Invocations
   893 | D:3      | Reached XP level 5. HP: 30/41 MP: 1/12
   893 | D:3      | Reached XP level 6. HP: 34/47 MP: 1/13
  1260 | D:5      | Reached skill level 2 in Short Blades
  1260 | D:5      | Reached skill level 2 in Long Blades
  1260 | D:5      | Reached skill level 2 in Axes
  1260 | D:5      | Reached skill level 2 in Maces & Flails
  1260 | D:5      | Reached skill level 2 in Polearms
  1260 | D:5      | Reached skill level 2 in Staves
  1260 | D:5      | Reached skill level 2 in Slings
  1260 | D:5      | Reached skill level 2 in Bows
  1260 | D:5      | Reached skill level 2 in Crossbows
  1260 | D:5      | Reached skill level 2 in Throwing
  1260 | D:5      | Reached skill level 2 in Armour
  1260 | D:5      | Reached skill level 5 in Dodging
  1260 | D:5      | Reached skill level 2 in Stealth
  1260 | D:5      | Reached skill level 2 in Shields
  1260 | D:5      | Reached skill level 2 in Evocations
  1279 | D:5      | Noticed a sky beast
  1322 | D:5      | Killed a sky beast
  1322 | D:5      | Reached XP level 7. HP: 32/52 MP: 10/15
  1361 | D:6      | Reached skill level 7 in Unarmed Combat
  1375 | D:7      | Reached skill level 2 in Conjurations
  1375 | D:7      | Reached skill level 2 in Hexes
  1375 | D:7      | Reached skill level 2 in Charms
  1375 | D:7      | Reached skill level 2 in Summonings
  1375 | D:7      | Reached skill level 2 in Necromancy
  1375 | D:7      | Reached skill level 2 in Translocations
  1375 | D:7      | Reached skill level 2 in Fire Magic
  1375 | D:7      | Reached skill level 2 in Ice Magic
  1375 | D:7      | Reached skill level 2 in Air Magic
  1375 | D:7      | Reached skill level 2 in Earth Magic
  1375 | D:7      | Reached skill level 2 in Poison Magic
  1460 | D:6      | Found a shimmering altar of Xom.
  1506 | D:7      | Reached skill level 3 in Invocations
  1689 | D:6      | Reached XP level 8. HP: 60/60 MP: 11/16
  1728 | D:6      | Found a burning altar of Makhleb.
  1874 | D:5      | Killed Menkaure
  1874 | D:5      | Reached skill level 4 in Fighting
  1874 | D:5      | Reached skill level 3 in Short Blades
  1874 | D:5      | Reached skill level 3 in Long Blades
  1874 | D:5      | Reached skill level 3 in Axes
  1874 | D:5      | Reached skill level 3 in Maces & Flails
  1874 | D:5      | Reached skill level 3 in Polearms
  1874 | D:5      | Reached skill level 3 in Staves
  1874 | D:5      | Reached skill level 3 in Slings
  1874 | D:5      | Reached skill level 3 in Bows
  1874 | D:5      | Reached skill level 3 in Crossbows
  1874 | D:5      | Reached skill level 3 in Throwing
  1874 | D:5      | Reached skill level 3 in Armour
  1874 | D:5      | Reached skill level 3 in Stealth
  1874 | D:5      | Reached skill level 3 in Shields
  1874 | D:5      | Reached skill level 3 in Evocations
  1957 | D:5      | Found a staircase to the Ecumenical Temple.
  1966 | Temple   | Entered the Ecumenical Temple
  1986 | Temple   | Became a worshipper of Cheibriados the Contemplative
  2065 | D:6      | Found a bloodstained altar of Trog.
  2076 | D:6      | Reached skill level 6 in Spellcasting
  2102 | D:6      | Got a transparent short sword
  2106 | D:6      | Identified the +6 short sword "Ufofaawn" {venom, rPois rC+ MR+} (You found it on level 6 of the Dungeon)
  2248 | D:7      | Found a white marble altar of Elyvilon.
  2261 | D:8      | Found Bad Foqi's Assorted Antiques.
  2269 | D:8      | Bought a crooked copper wand for 100 gold pieces
  2269 | D:8      | Bought a fluorescent wand for 100 gold pieces
  2279 | D:9      | Found a sparkling altar of Nemelex Xobeh.
  2306 | D:8      | Found Hanko's Antique Weapon Shoppe.
  2320 | D:8      | Found an iron altar of Okawaru.
  2351 | D:7      | Reached skill level 4 in Invocations
  2364 | D:7      | Reached skill level 3 in Conjurations
  2364 | D:7      | Reached skill level 3 in Hexes
  2364 | D:7      | Reached skill level 3 in Charms
  2364 | D:7      | Reached skill level 3 in Summonings
  2364 | D:7      | Reached skill level 3 in Necromancy
  2364 | D:7      | Reached skill level 3 in Translocations
  2364 | D:7      | Reached skill level 3 in Fire Magic
  2364 | D:7      | Reached skill level 3 in Ice Magic
  2364 | D:7      | Reached skill level 3 in Air Magic
  2364 | D:7      | Reached skill level 3 in Earth Magic
  2364 | D:7      | Reached skill level 3 in Poison Magic
  2399 | D:7      | Noticed Joseph
  2422 | D:7      | Killed Joseph
  2422 | D:7      | Reached skill level 6 in Dodging
  2422 | D:7      | Reached skill level 5 in Transmutations
  2422 | D:7      | Reached XP level 9. HP: 30/66 MP: 13/18
  2427 | D:7      | Reached * piety under Cheibriados
  2464 | D:7      | Reached skill level 4 in Short Blades
  2464 | D:7      | Reached skill level 4 in Long Blades
  2464 | D:7      | Reached skill level 4 in Axes
  2464 | D:7      | Reached skill level 4 in Maces & Flails
  2464 | D:7      | Reached skill level 4 in Polearms
  2464 | D:7      | Reached skill level 4 in Staves
  2464 | D:7      | Reached skill level 4 in Slings
  2464 | D:7      | Reached skill level 4 in Bows
  2464 | D:7      | Reached skill level 4 in Crossbows
  2464 | D:7      | Reached skill level 4 in Throwing
  2464 | D:7      | Reached skill level 4 in Armour
  2464 | D:7      | Reached skill level 4 in Stealth
  2464 | D:7      | Reached skill level 4 in Shields
  2464 | D:7      | Reached skill level 4 in Evocations
  2661 | D:8      | Learned a level 3 spell: Conjure Flame
  2708 | D:9      | Noticed a two-headed ogre
  2714 | D:9      | Reached skill level 5 in Fighting
  2731 | D:9      | HP: 2/68 [two-headed ogre/giant club (22)]
  2734 | D:9      | Demolished by a two-headed ogre

Vault maps used:
D:1:      zelgadis_glass_arrival_small, st_stairs_9, corner_web_ring
D:2:      marbit_many_paths
D:3:      grunt_temple_overflow_forces_of_nature, nemelex_altar_shiori,
          first_ration, uniq_sigmund
D:4:      lemuel_coloured_pillars_altar
D:5:      minmay_temple_entry_junction_2, uniq_menkaure
D:6:      bloody_trog, lemuel_doored_altar, lightli_temple_of_fire
D:7:      kennysheep_kobold_camp, zin_academy, kennysheep_mini_moat, uniq_joseph
D:8:      serial_shops, shop, shop, nicolae_shop_crystal, okawaru_gym_becter
D:9:      basic_altar
Temple:   minmay_temple_bridge_abc

Skill      XL: |  1  2  3  4  5  6  7  8  9 |
---------------+----------------------------+-----
Spellcasting   | 5 6 |  6.6
Invocations    | 1 2 3 4 |  4.5
Short Blades   | 1 2 3 4 |  4.1
Long Blades    | 1 2 3 4 |  4.1
Axes           | 1 2 3 4 |  4.1
Maces & Flails | 1 2 3 4 |  4.1
Polearms       | 1 2 3 4 |  4.1
Staves         | 1 2 3 4 |  4.1
Slings         | 1 2 3 4 |  4.1
Bows           | 1 2 3 4 |  4.1
Crossbows      | 1 2 3 4 |  4.1
Throwing       | 1 2 3 4 |  4.1
Armour         | 1 2 3 4 |  4.1
Stealth        | 1 2 3 4 |  4.1
Shields        | 1 2 3 4 |  4.1
Evocations     | 1 2 3 4 |  4.1
Fighting       | 3 4 5 |  5.0
Conjurations   | 1 2 3 |  3.4
Hexes          | 1 2 3 |  3.4
Charms         | 1 2 3 |  3.4
Summonings     | 1 2 3 |  3.4
Necromancy     | 1 2 3 |  3.4
Translocations | 1 2 3 |  3.4
Transmutations | 4 5 |  5.2
Fire Magic     | 1 2 3 |  3.4
Ice Magic      | 1 2 3 |  3.4
Air Magic      | 1 2 3 |  3.4
Earth Magic    | 1 2 3 |  3.4
Poison Magic   | 1 2 3 |  3.4
Dodging        | 5 6 |  6.2
Unarmed Combat | 7 |  7.8

Action                   |  1- 3 |  4- 6 |  7- 9 || total
-------------------------+-------+-------+-------++-------
Melee: Unarmed           |    77 |    72 |   122 ||   271
       Headbutt          |     5 |       |       ||     5
       Bite              |     5 |       |       ||     5
       Kick              |     2 |       |       ||     2
       Punch             |     1 |       |       ||     1
       Short sword       |       |       |     5 ||     5
Throw: Javelin           |     6 |     7 |    20 ||    33
       Throwing net      |       |     1 |       ||     1
 Cast: Beastly Appendage |    11 |       |       ||    11
       Sticks to Snakes  |     3 |     4 |    18 ||    25
       Spider Form       |     4 |    15 |    19 ||    38
 Abil: End Transformatio |       |       |     2 ||     2
Evoke: Wand              |       |       |     3 ||     3
  Use: Potion            |       |     1 |     2 ||     3
       Scroll            |       |     5 |     1 ||     6
 Stab: Sleeping          |       |     2 |     5 ||     7
       Distracted        |       |       |     4 ||     4
  Eat: Chunk             |       |     3 |     5 ||     8
Armor: Robe              |     8 |     1 |       ||     9
       Skin              |       |     2 |     2 ||     4
Dodge: Dodged            |    49 |    59 |   128 ||   236

Table legend:
 A = Spawn XP
 B = Non-spawn XP
 C = Spawn XP percentage of total XP
 D = Spawn monster count
 E = Non-spawn monster count
 F = Spawn count percentage of total count
 G = Total turns spent on level
                    A         B        C        D         E        F      G
               +---------+---------+-------+---------+---------+-------+---------
         Total |       0 |    3312 |   0.0 |       0 |     109 |   0.0 |  2734
               +---------+---------+-------+---------+---------+-------+---------
           D:1 |       0 |      32 |   0.0 |       0 |      19 |   0.0 |   307
           D:2 |       0 |      18 |   0.0 |       0 |       9 |   0.0 |   328
           D:3 |       0 |     321 |   0.0 |       0 |      22 |   0.0 |   324
           D:4 |       0 |      56 |   0.0 |       0 |       9 |   0.0 |   283
           D:5 |       0 |     572 |   0.0 |       0 |       6 |   0.0 |   301
           D:6 |       0 |     719 |   0.0 |       0 |      13 |   0.0 |   487
           D:7 |       0 |    1543 |   0.0 |       0 |      28 |   0.0 |   405
           D:8 |       0 |      48 |   0.0 |       0 |       2 |   0.0 |   206
           D:9 |       0 |       3 |   0.0 |       0 |       1 |   0.0 |    52
               +---------+---------+-------+---------+---------+-------+---------

Table legend:
 A = Turns spent in this place as a percentage of turns spent in the entire game.
 B = Non-inter-level travel turns spent in this place as a percentage of non-inter-level travel turns spent in the entire game.
 C = Inter-level travel turns spent in this place as a percentage of turns spent in this place.
 D = Turns resting spent in this place as a percentage of non-inter-level travel turns spent in this place.
 E = Turns spent auto-exploring this place as a percentage of non-inter-level travel turns spent in this place.
 F = Non-inter-level travel turns spent in this place divided by the number of levels of this place that you've seen.
                   A       B       C       D       E      F
               +-------+-------+-------+-------+-------+----------------------
         Total | 100.0 | 100.0 |   2.7 |   0.2 |   0.0 | 266.1
       Dungeon |  98.5 |  99.1 |   2.1 |   0.2 |   0.0 | 292.9
        Temple |   1.5 |   0.9 |  39.0 |   0.0 |   0.0 |  25.0
               +-------+-------+-------+-------+-------+----------------------

Table legend:
 A = Kills in this place as a percentage of kills in entire the game.
 B = Kills by you in this place as a percentage of kills by you in the entire game.
 C = Kills by friends in this place as a percentage of kills by friends in the entire game.
 D = Other kills in this place as a percentage of other kills in the entire game.
 E = Experience gained in this place as a percentage of experience gained in the entire game.
 F = Experience gained in this place divided by the number of levels of this place that you have seen.
                   A       B       C       D       E      F
               +-------+-------+-------+-------+-------+----------------------
         Total | 100.0 | 100.0 | 100.0 |   N/A | 100.0 | 331.2
       Dungeon | 100.0 | 100.0 | 100.0 |   N/A | 100.0 | 368.0
               +-------+-------+-------+-------+-------+----------------------

Vault maps used:
D:1:      zelgadis_glass_arrival_small, st_stairs_9, corner_web_ring
D:2:      marbit_many_paths
D:3:      grunt_temple_overflow_forces_of_nature, nemelex_altar_shiori,
          first_ration, uniq_sigmund
D:4:      lemuel_coloured_pillars_altar
D:5:      minmay_temple_entry_junction_2, uniq_menkaure
D:6:      bloody_trog, lemuel_doored_altar, lightli_temple_of_fire
D:7:      kennysheep_kobold_camp, zin_academy, kennysheep_mini_moat, uniq_joseph
D:8:      serial_shops, shop, shop, nicolae_shop_crystal, okawaru_gym_becter
D:9:      basic_altar
Temple:   minmay_temple_bridge_abc
